AoeStats
← Smoothshoo

Arabia

510136532Analyzed
1v1 RM · 4d ago on Sep 29, 2026· 54m 20s· 2 players
Game mode
Random Map
Map size
Tiny (2 player)
Population
200
Speed
Normal
Resources
Standard
Victory
Conquest
Starting age
Dark Age
Ending age
Imperial Age
RankedLock teamsTeams togetherTeam positionsShared explorationLock speedFull tech treeHidden civsTurbo modeCheats
Victory
Defeat
🇺🇸 Britons · United States
770
+17
🇺🇸 Burgundians · United States
796
-17
SexyGlitterDaddy69
5:52 Loom
9:27 Feudal Age
12:29 Fletching
13:22 Double-Bit Axe
22:06 Castle Age
21:36 Horse Collar
22:14 Crossbowman
23:10 Bow Saw
24:11 Arson
24:27 Squires
24:49 Bodkin Arrow
28:02 Pikeman
28:32 Gambesons
30:06 Heavy Plow
31:23 Wheelbarrow
30:37 Town Watch
31:16 Padded Archer Armor
31:17 Scale Mail Armor
31:28 Forging
32:18 Ballistics
31:55 Gold Mining
33:25 Man-at-Arms
37:24 Imperial Age
36:10 Murder Holes
37:47 Yeomen
37:23 Treadmill Crane
38:05 Arbalester
39:54 Hand Cart
39:53 Bracer
40:13 Chain Mail Armor
39:24 Long Swordsman
40:09 Two-Handed Swordsman
41:37 Champion
41:39 Halberdier
44:12 Elite Longbowman
51:34 Chemistry
50:54 Leather Archer Armor
51:09 Plate Mail Armor
51:15 Iron Casting
50:57 Warwolf
Smoothshoo
0:27 Loom
5:16 Double-Bit Axe
9:37 Feudal Age
8:53 Loom
12:04 Bow Saw
11:49 Horse Collar
13:50 Heavy Plow
19:45 Wheelbarrow
22:33 Castle Age
20:50 Scale Barding Armor
20:40 Fletching
28:44 Imperial Age
26:28 Bodkin Arrow
26:48 Elite Skirmisher
28:32 Padded Archer Armor
30:44 Chemistry
31:02 Scale Barding Armor
31:09 Forging
32:26 Husbandry
31:50 Cavalier
32:31 Husbandry
33:20 Ballistics
34:01 Hand Cart
38:39 Two-Man Saw
39:08 Burgundian Vineyards
39:13 Bracer
40:11 Gold Mining
40:56 Crop Rotation
50:25 Chain Barding Armor
50:40 Iron Casting
50:33 Paladin
54:02 Blast Furnace
53:37 Plate Barding Armor
Connection lost

Rejoining the realm…

Still unreachable

The connection could not be restored.

Session expired

The server has moved on; the page needs a fresh start.